 Dungeon Crawl Stone Soup version 0.18-b1-14-g029dad2 (webtiles) character file.

64 wvc the Insei (level 3, 5/29 HPs)
             Began as a Mummy Monk on Apr 30, 2016.
             Quit the game on level 4 of the Dungeon.
             The game lasted 00:04:22 (2687 turns).

wvc the Insei (Mummy Monk)                          Turns: 2687, Time: 00:04:23

Health: 5/29       AC:  7    Str: 14    XL:     3   Next: 91%
Magic:  3/3        EV: 11    Int: 13    God:
Gold:   21         SH:  0    Dex: 15    Spells: 0 memorised, 2 levels left

rFire  x . .     SeeInvis .     e - +0 spear
rCold  + . .     Gourm    .     j - +0 ring mail
rNeg   + + +     Faith    .     (no shield)
rPois  ∞         Spirit   .     i - +0 helmet
rElec  .         Dismiss  .     (no cloak)
rCorr  .         Reflect  .     b - +0 pair of gloves
SustAt .         Harm     .     (no boots)
MR     .....                    (no amulet)
Stlth  +.........               (no ring)
                                d - +4 ring of intelligence

@: not resistant to hostile enchantments, very unstealthy
A: no food or potions, fire vulnerability, cold resistance 1, negative energy
resistance 3, torment resistance, unbreathing
a: no special abilities


You were on level 4 of the Dungeon.
You were not hungry.

You visited 1 branch of the dungeon, and saw 4 of its levels.

You collected 21 gold pieces.

Inventory:

Hand Weapons
 e - a +0 spear (weapon)
Missiles
 a - 19 poisoned needles
Armour
 b - a +0 pair of gloves (worn)
 i - a +0 helmet (worn)
 j - a +0 ring mail (worn)
Jewellery
 c - an uncursed ring of ice
 d - a +4 ring of intelligence (left hand)
 f - an uncursed amulet of faith
Scrolls
 g - a scroll of remove curse
 h - a scroll of enchant armour
 k - a scroll of teleportation {unknown}


   Skills:
 - Level 3.2 Fighting
 + Level 2.4 Polearms
 - Level 2.7 Dodging
 - Level 1.5 Stealth
 - Level 3.2 Unarmed Combat


You had 2 spell levels left.
You didn't know any spells.

Dungeon Overview and Level Annotations

Branches:
Dungeon (4/15)
 Temple: D:4-7

Altars:
Dithmenos
Pakellas
Ru

Annotations:
D:3 ZenAnTen's ghost, amateur DsSk


Innate Abilities, Weirdness & Mutations

You do not eat or drink.
Your flesh is vulnerable to fire.
You are immune to poison.
Your flesh is cold resistant.
You are immune to negative energy.
You are immune to unholy pain and torment.
You can survive without breathing.


Message History

The orc shouts! x2
You hit the quokka.
The quokka is almost dead.
The quokka closely misses you. The quokka barely misses you.
An orc comes into view. It is wielding a club.
You barely miss the quokka.
The quokka is almost dead.
The giant frog closely misses you.
The giant frog hits you but does no damage.
The quokka closely misses you.
The orc shouts!
You hit the quokka.
You kill the quokka!
The giant frog hits you but does no damage.
You hit the orc.
The orc is heavily wounded.
The giant frog completely misses you. The orc closely misses you.
The giant frog hits you.
* * * LOW HITPOINT WARNING * * *
Are you sure you want to abandon this character and quit the game? (Confirm with "yes".)

. .. .. ##
.## #.. ...#.
#...###......
#..ZF@..#
#####o†##
...# o.#..
... ... o...
...# ..o..
#.## ......
..


You could see a giant frog, 4 orcs and a jackal skeleton.

Vanquished Creatures
  An adder (D:3)
  2 worms (D:2)
  A dart slug (D:3)
  A giant gecko (D:3)
  An orc (D:3)
  2 ball pythons
  A giant cockroach (D:2)
  4 goblins
  9 hobgoblins
  9 kobolds
  2 quokkas
  2 bats
  4 giant newts
  5 rats
44 creatures vanquished.

Notes
Turn   | Place    | Note
--------------------------------------------------------------
     0 | D:1      | wvc the Mummy Monk began the quest for the Orb.
     0 | D:1      | Reached XP level 1. HP: 18/18 MP: 1/1
   277 | D:1      | Reached XP level 2. HP: 23/24 MP: 2/2
   861 | D:2      | Reached skill level 1 in Polearms
  1498 | D:2      | Reached XP level 3. HP: 11/29 MP: 3/3
  1829 | D:2      | Found an oddly glowing altar of Pakellas.
  2075 | D:2      | Found a sacrificial altar of Ru.
  2177 | D:3      | Found a faded altar to an unknown god.
  2548 | D:3      | Noticed ZenAnTen's ghost (amateur DsSk)
  2664 | D:3      | Found a shadowy altar of Dithmenos.
  2681 | D:4      | Noticed a giant frog
  2687 | D:4      | Quit the game

Skill      XL: |  1  2  3 |
---------------+----------+-----
Polearms       | 1 2 |  2.4
Fighting       | |  3.2
Dodging        | |  2.7
Stealth        | |  1.5
Unarmed Combat | |  3.2

Action                   || total
-------------------------++-------
Melee: Unarmed           ||    18
       Spear             ||   207
  Use: Scroll            ||     5
 Stab: Sleeping          ||     4
       Distracted        ||     1
Armor: Robe              ||    28
       Ring mail         ||    14
Dodge: Dodged            ||   106
